 Dungeon Crawl Stone Soup version 0.23.2-33-g5129a83184 (webtiles) character file.

Game seed: 4634677690948455830

1187 MalarOregon the Reanimator (level 8, -3/57 HPs)
             Began as a Ghoul Necromancer on July 9, 2019.
             Was an Initiate of Yredelemnul.
             Slain by a gnoll
             ... wielding a +0 whip
              (7 damage)
             ... on level 6 of the Dungeon on July 10, 2019.
             The game lasted 00:15:05 (6892 turns).

MalarOregon the Reanimator (Ghoul Necromancer)      Turns: 6892, Time: 00:15:06

Health: -3/57      AC:  4    Str: 12    XL:     8   Next: 43%
Magic:  16/16      EV: 12    Int: 12    God:    Yredelemnul [......]
Gold:   326        SH:  0    Dex:  9    Spells: 11/19 levels left

rFire    . . .     SeeInvis .   j - +0 dagger (venom)
rCold    + . .     Gourm    .   (no shield)
rNeg     + + +     Faith    .   a - +0 robe
rPois    ∞         Spirit   .   (no helmet)
rElec    .         Reflect  .   (no cloak)
rCorr    .         Harm     .   p - +1 pair of gloves
MR       .....     Rnd*Tele +   (no boots)
Stlth    ++........             (no amulet)
HPRegen  0.00/turn              q - ring of teleportation (curse)
MPRegen  0.15/turn              (no ring)

@: rotting
A: rotting body, claws 1, carnivore, cold resistance 1, negative energy
resistance 3, inhibited regeneration, torment resistance, unbreathing
a: Renounce Religion


You were on level 6 of the Dungeon.
You worshipped Yredelemnul.
Yredelemnul was noncommittal.
You were not hungry.

You visited 2 branches of the dungeon, and saw 7 of its levels.

You collected 326 gold pieces.

Inventory:

Hand Weapons
 j - a +0 dagger of venom (weapon)
   (You took it off a goblin on level 1 of the Dungeon)
 s - a +3 short sword
   (You found it on level 2 of the Dungeon)
 D - a +3 dire flail of crushing
   (You took it off Edmund on level 5 of the Dungeon)
Missiles
 l - a throwing net (quivered) {!f}
 v - 6 tomahawks of dispersal {!f}
Armour
 a - a +0 robe (worn)
 p - a +1 pair of gloves (worn)
   (You found it on level 1 of the Dungeon)
Jewellery
 q - a cursed ring of teleportation (left hand)
   (You found it on level 1 of the Dungeon)
 w - a cursed ring of attention {unknown}
   (You found it on level 3 of the Dungeon)
 B - a +3 ring of protection {unknown}
   (You found it on level 4 of the Dungeon)
Wands
 x - a wand of acid (5)
   (You found it on level 2 of the Dungeon)
Scrolls
 d - 7 scrolls of identify {unknown}
 g - a scroll of teleportation {unknown}
 i - a scroll of enchant armour
 n - 6 scrolls of remove curse {unknown}
 t - a scroll of magic mapping
 y - a scroll of fear {unknown}
 z - a scroll of enchant weapon {unknown}
 C - a scroll of random uselessness {unknown}
Potions
 b - a potion of invisibility {unknown}
 c - a potion of might
 f - 2 potions of degeneration {unknown}
 h - a potion of mutation {unknown}
 k - 3 potions of curing {unknown}
 m - a potion of haste {unknown}
 o - 2 potions of heal wounds {unknown}
 u - a potion of lignification {unknown}
 A - a potion of flight {unknown}
Comestibles
 e - 6 rations {!d}


   Skills:
 - Level 1.7 Dodging
 - Level 2.1 Stealth
 + Level 6.0 Spellcasting
 + Level 8.0 Necromancy


You had 11 spell levels left.
You knew the following spells:

 Your Spells              Type           Power        Failure   Level  Hunger
a - Pain                  Necr           ###.         1%          1    None
q - Vampiric Draining     Necr           ###.......   1%          3    ###....
u - Animate Dead          Necr           N/A          6%          4    ####...

Your spell library contained the following spells:

 Spells                   Type           Power        Failure   Level  Hunger
 Animate Skeleton         Necr           N/A          1%          1    None
 Regeneration             Chrm/Necr      ##........   11%         3    ###....


Dungeon Overview and Level Annotations

Branches:
Dungeon (6/15)             Temple (1/1) D:4

Altars:
Ashenzari
Elyvilon
Fedhas
Gozag
Hepliaklqana
Kikubaaqudgha
Nemelex Xobeh
Qazlal
Ru
Uskayaw
Vehumet
Wu Jian
Xom
Yredelemnul
Zin

Shops:
D:4 :

Annotations:
D:4 exclusion: downstairs


Innate Abilities, Weirdness & Mutations

Your body is rotting away.
You thrive on raw meat.
You are immune to poison.
You have sharp fingernails.
You are carnivorous and can eat meat at any time.
Your flesh is cold resistant. (rC+)
You are immune to negative energy. (rN+++)
You do not regenerate when monsters are visible.
You are immune to unholy pain and torment.
You can survive without breathing.


Message History

A gnoll comes into view. It is wielding a +0 club.
The gnoll hits you with a club!
* * * LOW HITPOINT WARNING * * *
A gnoll comes into view. It is wielding a +0 whip.
A gnoll comes into view. It is wielding a -3 club.
An adder comes into view.
You hit the gnoll.
The gnoll is poisoned.
The gnoll closely misses you.
You barely miss the gnoll. The gnoll barely misses you.
You hit the gnoll.
The adder hisses angrily.
You kill the gnoll!
Yredelemnul accepts your kill.
You hit the gnoll.
The gnoll is poisoned.
The gnoll hits you but does no damage. The gnoll barely misses you.
You hit the gnoll but do no damage.
The gnoll looks as sick as possible!
The gnoll barely misses you. The gnoll hits you with a +0 falchion.
* * * LOW HITPOINT WARNING * * *
You hit the gnoll.
You kill the gnoll!
Yredelemnul accepts your kill.
The gnoll hits you from afar with a +1 spear of piercing.
* * * LOW HITPOINT WARNING * * *
* * * LOW HITPOINT WARNING * * *
The adder bites you.
* * * LOW HITPOINT WARNING * * *
The adder bites you.
* * * LOW HITPOINT WARNING * * *
The adder bites you.
* * * LOW HITPOINT WARNING * * *
The adder barely misses you.
Unknown command.
Eat a chunk of flesh? (ye/n/q)
You eat the chunk of flesh.
This raw flesh tastes great!
The adder bites you but does no damage. The gnoll closely misses you.
The adder closely misses you.
You barely miss the adder. The gnoll hits you with a +0 whip.
* * * LOW HITPOINT WARNING * * *
The adder bites you.
* * * LOW HITPOINT WARNING * * *
The gnoll closely misses you.
As you read the scroll labeled RAXZIQY ZAVIF, it crumbles to dust.
You feel aware of your surroundings.
You sensed 5 altars.
It was a scroll of magic mapping.
The adder misses you. The gnoll closely misses you.
The gnoll barely misses you.
As you read the scroll labeled ZAUTYDGHESOR, it crumbles to dust.
It is a scroll of enchant armour.
Your +0 pair of gloves glows green for a moment.
The adder bites you but does no damage. The gnoll hits you with a +0 whip!
You die...
Yredelemnul claims you as an undead slave.

*** ##.###### *,,,,,,,*
#..# *,,,,,,** ##.##
*,,,,,,* #..# *,******
##)## *,* #..# *,*
##g## *,* #Sg# *,*
##@#* *,* #..# *,*
##.#**,* *,..**,*
*,#.#*,***********
*,*..*,,,,,,,,,,,,
*****+*###,***********
############,,,*,,*,,,*
............,*,*,,*,,,*


You could see 2 gnolls and an adder.

Vanquished Creatures
  Edmund (D:5)
  2 ogres
  3 centaurs
  A bullfrog (D:6)
  A scorpion (D:5)
  An orc priest (D:5)
  Jessica (D:3)
  A bullfrog skeleton (D:6)
  2 iguanas (D:5)
  2 orc wizards
  Natasha (thrice) (D:3)
  A worker ant (D:4)
  A worker ant zombie (D:5)
  A howler monkey skeleton (D:5)
  6 gnolls
  7 adders
  2 shadow imps
  An adder zombie (D:5)
  A worm (D:1)
  3 dart slugs (D:1)
  3 leopard geckos
  11 orcs
  A giant cockroach (D:1)
  7 goblins
  9 hobgoblins
  6 jackals
  3 quokkas
  A ball python (D:3)
  3 bats
  2 frilled lizards
  A jackal skeleton (D:4)
  3 kobolds
  A leopard gecko skeleton (D:4)
  A quokka skeleton (D:5)
  A quokka zombie (D:5)
  7 rats
101 creatures vanquished.

Vanquished Creatures (collateral kills)
  A hound skeleton (D:4)
  A worm (D:4)
2 creatures vanquished.

Vanquished Creatures (others)
  2 fungi (D:5)
2 creatures vanquished.

Grand Total: 105 creatures vanquished

Notes
Turn   | Place    | Note
-------+----------+-------------------------------------------
     0 | D:1      | MalarOregon the Ghoul Necromancer began the quest for the
                  | Orb.
     0 | D:1      | Reached XP level 1. HP: 14/14 MP: 2/2
   142 | D:1      | Reached XP level 2. HP: 20/20 MP: 4/4
   626 | D:1      | Reached XP level 3. HP: 26/26 MP: 5/5
  1574 | D:2      | Learned a level 3 spell: Vampiric Draining
  1683 | D:2      | Reached XP level 4. HP: 16/33 MP: 0/7
  1975 | D:2      | Found an opulent altar of Gozag.
  2398 | D:3      | Noticed Jessica
  2401 | D:3      | Noticed Natasha
  2406 | D:3      | Killed Jessica
  2406 | D:3      | Reached skill level 5 in Necromancy
  2410 | D:3      | Killed Natasha
  2410 | D:3      | Reached XP level 5. HP: 35/38 MP: 2/8
  2483 | D:3      | Found a faded altar of an unknown god.
  2898 | D:3      | Noticed Natasha
  2932 | D:3      | Killed Natasha
  2958 | D:3      | Noticed Natasha
  2969 | D:3      | Killed Natasha
  3172 | D:3      | Reached XP level 6. HP: 42/45 MP: 10/10
  3386 | D:4      | Reached skill level 6 in Necromancy
  3520 | D:4      | Learned a level 4 spell: Animate Dead
  3653 | D:4      | Found a staircase to the Ecumenical Temple.
  3977 | D:4      | Found Iketh's Book Boutique.
  4106 | D:5      | Entered Level 5 of the Dungeon
  4106 | D:5      | Noticed Edmund
  4148 | Temple   | Entered the Ecumenical Temple
  4290 | Temple   | Became a worshipper of Yredelemnul the Dark
  4351 | D:4      | Reached XP level 7. HP: 7/50 MP: 2/12
  5292 | D:5      | Killed Edmund
  5292 | D:5      | Reached skill level 5 in Spellcasting
  5292 | D:5      | Reached skill level 7 in Necromancy
  5506 | D:5      | Found a blossoming altar of Fedhas.
  5555 | D:5      | Reached XP level 8. HP: 56/57 MP: 12/15
  6162 | D:5      | Found a shattered altar of Ashenzari.
  6422 | D:5      | Found a stormy altar of Qazlal.
  6807 | D:6      | Reached skill level 8 in Necromancy
  6892 | D:6      | Slain by a gnoll

Skill      XL: |  1  2  3  4  5  6  7  8 |
---------------+-------------------------+-----
Spellcasting   | 2 3 4 5 6 |  6.0
Necromancy     | 5 6 7 8 |  8.0
Dodging        | |  1.7
Stealth        | |  2.1

Action                   |  1- 3 |  4- 6 |  7- 9 || total
-------------------------+-------+-------+-------++-------
Melee: Dagger            |    64 |   102 |   209 ||   375
 Cast: Pain              |    37 |    48 |     7 ||    92
       Vampiric Draining |       |     3 |    10 ||    13
       Animate Dead      |       |     1 |       ||     1
  Use: Scroll            |       |       |     2 ||     2
 Stab: Sleeping          |     2 |     2 |       ||     4
  Eat: Chunk             |     7 |    10 |    14 ||    31
Armor: Robe              |     8 |    22 |    28 ||    58
Dodge: Dodged            |    38 |    64 |   134 ||   236
